 Dungeon Crawl Stone Soup version 0.29-a0-409-gd843f3a48c (webtiles) character file.

Game seed: 6860732185871125459

3 croobank the Sneak (level 1, 0/10 HPs)
             Began as a Felid Delver on May 13, 2022.
             Slain by a hobgoblin (4 damage)
             ... on level 3 of the Dungeon.
             The game lasted 00:00:54 (260 turns).

croobank the Sneak (Felid Delver)                    Turns: 260, Time: 00:00:54

Health: 0/10       AC:  1    Str:  8    XL:     1   Next: 41%
Magic:  2/2        EV: 17    Int: 11    God:
Gold:   19         SH:  0    Dex: 17    Spells: 0/0 levels left
                                        Lives:  0   Deaths: 0

rFire   . . .      SeeInvis +     - Unarmed
rCold   . . .      Faith    .   (shield unavailable)
rNeg    . . .      Spirit   .   (body armour unavailable)
rPois   .          Reflect  .   (helmet unavailable)
rElec   .          Harm     .   (cloak unavailable)
rCorr   .          Rampage  .   (gloves unavailable)
Will    .....                   (boots unavailable)
Stlth   ++++......              (no amulet)
HPRegen 0.03/turn               (no ring)
MPRegen 0.08/turn               (no ring)

@: quick
A: very small, claws 1, fangs 3, see invisible, speed 1, shaggy fur 1, stealthy
paws, no weapons or thrown items, no armour, multi-lived
a: no special abilities


You were on level 3 of the Dungeon.
You visited 1 branch of the dungeon, and saw 3 of its levels.

You collected 19 gold pieces.

Inventory:

Hand Weapons
 g - a +0 short sword
Wands
 e - a wand of digging (3)
Scrolls
 a - a scroll of fog
 c - a scroll of fear
 f - 2 scrolls of identify {unknown}
Potions
 d - a potion of haste


   Skills:
 + Level 3.0 Fighting
 + Level 2.8 Dodging
 + Level 6.6 Stealth
 + Level 2.0 Unarmed Combat


You couldn't memorise any spells.
You didn't know any spells.
Your spell library was empty.

Dungeon Overview and Level Annotations

Branches:
Dungeon (5/15)
 Temple: D:4-7

Altars:


Innate Abilities, Weirdness & Mutations

You have sharp claws.
You have razor-sharp teeth.
You have supernaturally acute eyesight. (SInv)
You cover ground quickly. (Speed+)
You are covered in fur. (AC +1)
Your paws help you pounce on unaware monsters.
You are incapable of wielding weapons or throwing items.
You cannot wear armour.
You gain extra lives every three experience levels.


Message History

You see here a +0 rapier.
As you read the scroll of magic mapping, it crumbles to dust.
You feel aware of your surroundings.
A gnoll comes into view. It is wielding a +0 halberd.
Found 14 gold pieces.
The gnoll throws a throwing net.
The throwing net closely misses you.
Found a stone staircase leading up.
There is a stone staircase leading up here.
You climb upwards.
There is a stone staircase leading down here.
Okay, then.
Found 12 gold pieces.
The helpless bat fails to defend itself.
You mangle the bat!!
You kill the bat!
A quokka comes into view.
The helpless quokka fails to defend itself.
You mangle the quokka!!
You kill the quokka!
A hobgoblin comes into view.
You see here 12 gold pieces.
The hobgoblin shouts!
You see here 12 gold pieces.
You now have 19 gold pieces (gained 12).
Found a glowing pink potion.
The hobgoblin hits you.
You closely miss the hobgoblin. The hobgoblin misses you.
You barely miss the hobgoblin. The hobgoblin closely misses you.
You scratch the hobgoblin but do no damage.
Your bite misses the hobgoblin. The hobgoblin hits you.
You scratch the hobgoblin but do no damage.
You bite the hobgoblin, but do no damage.
The hobgoblin barely misses you.
You scratch the hobgoblin but do no damage.
Your bite misses the hobgoblin. The hobgoblin hits you.
You barely miss the hobgoblin. The hobgoblin closely misses you.
You scratch the hobgoblin.
The hobgoblin is moderately wounded.
The hobgoblin hits you.
You die...

#....# #....#
####....#
#.......#
#.......#
#.......#
#.......+
#....g..####
#...@.......
#.....#.....#
#.....#.....#
#.....#.....#
#.....#.....#
#...!.# ....#
#.....#
#####.#


You could see a hobgoblin.

Vanquished Creatures
  An endoplasm (D:4)
  A quokka (D:3)
  A bat (D:3)
3 creatures vanquished.

Notes
Turn   | Place    | Note
-------+----------+-------------------------------------------
     0 | D:5      | croobank the Felid Delver began the quest for the Orb.
     0 | D:5      | Reached XP level 1. HP: 10/10 MP: 2/2
     1 | D:5      | Noticed a jelly
   222 | D:4      | Noticed a gnoll shaman
   260 | D:3      | Slain by a hobgoblin

Illustrated notes

Levels and vault maps discovered:
D:3:      layout_basic, chequers_ecumenical_altar_lobes, guppyfry_early_orc_mine
D:4:      minmay_chambers_of_twos, layout_rooms, chequers_jeans
D:5:      layout_rooms, minmay_temple_entry_trees, skrybe_limestone_x,
          amcnicky_mini_rare_corridor_liquid, uniq_sigmund, uniq_eustachio

Action                   || total
-------------------------++-------
Melee: Unarmed           ||    13
       Bite              ||     1
  Use: Scroll            ||     1
 Stab: Sleeping          ||     2
Dodge: Dodged            ||     6

Table legend: (Time is in decaauts)
 A = Elapsed time spent in this place.
 B = Non-inter-level travel time spent in this place.
 C = Inter-level travel time spent in this place.
 D = Time resting spent in this place.
 E = Time spent auto-exploring this place.
 F = Levels seen in this place.
 G = Mean time per level.
                   A        B        C        D        E       F      G
               +--------+--------+--------+--------+--------+-----+--------+
         Total |    246 |    246 |      0 |    175 |      0 |   3 |   82.0 |
       Dungeon |    246 |    246 |      0 |    175 |      0 |   3 |   82.0 |
               +--------+--------+--------+--------+--------+-----+--------+

Top non-repeatable levels by time:
     D:4: 214 daAuts
     D:3: 21 daAuts
     D:5: 10 daAuts
